MapleLeafs vs Rangers (R4)

Created - 10 décembre 2020 at 20:23

Goals
1 2 3 OT1 T
MapleLeafs 0 0 2 0 2
Rangers 2 0 0 1 3
Shots
1 2 3 OT1 T
MapleLeafs 6 8 10 4 28
Rangers 10 15 4 1 30

1st period

1. Rangers , Alexander Radulov 11 (Nick Leddy 19, Connor McDavid 26) at 4:42 (PP)
2. Rangers , Vincent Trocheck 6 (Cam Atkinson 9, Nick Leddy 20) at 9:47

Penalties :
Cody Ceci (TOR) for Elbowing (Minor) at 4:03, Matt Niskanen (NYR) for Interference (Minor) at 14:03, Dmitry Kulikov (NYR) for Hooking (Minor) at 16:35

2nd period

No Goal

Penalties :
Ondrej Palat (TOR) for Tripping (Minor) at 0:44, Tyler Johnson (TOR) for Hooking (Minor) at 10:20, Milan Lucic (NYR) for Hooking (Minor) at 12:29, Ondrej Palat (TOR) for Slashing (Minor) at 12:31, Dmitry Kulikov (NYR) for Roughing (Minor) at 17:27

3rd period

3. MapleLeafs , Matt Duchene 6 (Cody Ceci 10) at 1:39
4. MapleLeafs , Cody Ceci 3 (Sebastian Aho 21, Tyler Johnson 4) at 14:53

Penalties :
Matt Niskanen (NYR) for Hooking (Minor) at 0:58, Dustin Brown (TOR) for Cross-checking (Minor) at 0:58, Joel Edmundson (TOR) for Hooking (Minor) at 1:51, Noel Acciari (NYR) for Hooking (Minor) at 3:08, Erik Cernak (NYR) for Hooking (Minor) at 5:13, Dmitry Kulikov (NYR) for Hooking (Minor) at 7:22, Andrew Ladd (NYR) for Hooking (Minor) at 10:36

Overtime #1

5. Rangers , Nick Bonino 8 (Ryan McDonagh 13, Alexander Radulov 11) at 4:22

Penalties :
No Penalty

Goalie Stats

Braden Holtby (TOR), 27 saves from 30 shots - (0,900), OTL, 2-2-3, 64:23 minutes
Andrei Vasilevskiy (NYR), 26 saves from 28 shots - (0,929), W, 11-3-2, 64:23 minutes

Players Stats for MapleLeafs

Player Name              G  A  P  +/- PIM S  H  SB GA TA FO     MP     PP MP  PK MP  
------------------------------------------------------------------------------------
Anton Stralman           0  0  0   0  0   1  1  3  0  0  0/0    24:14   6:48   2:01 
Cody Ceci                1  1  2   0  2   1  1  3  0  0  0/0    24:41   6:25   2:54 
Dustin Brown             0  0  0  -1  2   1  0  0  0  0  0/1     9:59   0:46   0:00 
Jack Hughes              0  0  0   0  0   1  0  0  0  0  1/4     9:23   0:00   2:06 
Jay Beagle               0  0  0   0  0   3  0  0  0  0  10/17  11:20   0:44   0:00 
Joel Edmundson           0  0  0   0  2   0  2  0  0  0  0/0    22:22   6:48   1:31 
Kyle Okposo              0  0  0   1  0   1  2  0  0  0  0/2    18:09   6:09   0:00 
Leo Komarov              0  0  0   0  0   1  0  0  0  0  1/1    10:08   0:00   0:41 
Matt Duchene             1  0  1  -1  0   1  1  0  0  0  13/23  23:39   6:35   2:42 
Mike Matheson            0  0  0   1  0   4  1  3  0  0  0/0    25:03   6:25   3:33 
Ondrej Palat             0  0  0  -1  4   7  1  1  0  0  2/3    18:54   7:03   0:43 
Radko Gudas              0  0  0   0  0   0  7  1  0  0  0/0    13:47   0:00   0:22 
Roope Hintz              0  0  0   0  0   1  2  0  0  0  0/1    15:45   6:18   0:00 
Ryan Murray              0  0  0   0  0   0  2  1  0  0  0/0    14:14   0:00   1:31 
Samuel Blais             0  0  0   0  0   0  1  0  0  0  0/0     7:17   0:00   0:00 
Sebastian Aho            0  1  1   1  0   4  1  0  0  0  15/28  25:34   5:54   3:28 
Tomas Jurco              0  0  0   0  0   1  0  0  0  0  0/1     7:17   0:00   0:00 
Tyler Johnson            0  1  1   1  2   1  2  0  0  0  3/5    20:43   6:09   1:06 

Players Stats for Rangers

Player Name              G  A  P  +/- PIM S  H  SB GA TA FO     MP     PP MP  PK MP  
------------------------------------------------------------------------------------
Alexander Radulov        1  1  2   0  0   4  4  0  0  0  0/3    22:12   2:45   0:00 
Andrew Ladd              0  0  0   1  2   0  1  0  0  0  0/1    13:11   1:28   0:00 
Brandon Pirri            0  0  0  -1  0   0  0  0  0  0  3/8     4:35   0:00   0:00 
Cal Clutterbuck          0  0  0   0  0   0  3  0  0  0  0/0    12:57   0:00   6:31 
Cam Atkinson             0  1  1   1  0   3  0  0  0  0  0/0    17:19   2:11   0:00 
Connor McDavid           0  1  1  -1  0   8  2  0  0  0  9/23   22:21   2:56   0:00 
David Savard             0  0  0  -1  0   0  6  0  0  0  0/0    21:08   0:00   6:32 
Devin Shore              0  0  0  -1  0   0  0  0  0  0  0/0     5:17   0:36   0:06 
Dmitry Kulikov           0  0  0   0  6   1  1  2  0  0  0/0    13:11   0:00   0:47 
Erik Cernak              0  0  0   0  2   0  1  1  0  0  0/0    13:12   0:13   0:00 
Matt Niskanen            0  0  0   0  4   0  4  1  0  0  0/0    25:30   3:11   5:54 
Milan Lucic              0  0  0  -1  2   1  1  0  0  0  0/0     4:34   0:00   0:00 
Nick Bonino              1  0  1   1  0   5  0  0  0  0  10/21  14:23   0:00   6:31 
Nick Leddy               0  2  2   0  0   0  4  2  0  0  0/0    26:22   3:11   6:47 
Noel Acciari             0  0  0   0  2   3  1  0  0  0  0/0    14:28   2:04   5:58 
Ryan McDonagh            0  1  1   0  0   0  4  4  0  0  0/0    23:26   1:37   6:26 
Vincent Trocheck         1  0  1   1  0   3  4  0  0  0  18/29  23:31   1:52   6:32 
Zach Hyman               0  0  0   0  0   2  2  0  0  0  1/1    17:32   2:05   0:48 

3 Stars

1 - Alexander Radulov (NYR)
2 - Vincent Trocheck (NYR)
3 - Nick Leddy (NYR)

Power Play

MapleLeafs - 0 on 8 Attempt(s) - 0,00%
Rangers - 1 on 5 Attempt(s) - 20,00%

Penalty Kill

MapleLeafs - 4 on 5 Attempt(s) - 80,00% - Score 0 goal in Penalty Kill
Rangers - 8 on 8 Attempt(s) - 100,00% - Score 0 goal in Penalty Kill

Team Stat

MapleLeafs - Hits : 24 - Faceoff Wins : 45 - Blocked Shots : 12 - Penalty Minutes : 12
Rangers - Hits : 38 - Faceoff Wins : 41 - Blocked Shots : 10 - Penalty Minutes : 18

Official

Referees : Francois St-Laurent and Dan Kelly
Linesman : Mark Shewchyk and Brent Hooks

Game Notes

No Game Note

Finance

Level 1 -- Attendance: 2910 (44,77%) -- Ticket Income 727 500 $
Level 2 -- Attendance: 2249 (44,98%) -- Ticket Income 404 820 $
Level 3 -- Attendance: 1610 (46,00%) -- Ticket Income 193 200 $
Level 4 -- Attendance: 2006 (100,00%) -- Ticket Income 100 300 $
Luxury Box -- Attendance: 539 (53,90%) -- Ticket Income 215 600 $
Game was played at the Madison Square Garden.
Total Attendance: 9314 (51,73%)
Total Ticket Income: 1 641 420 $
Other Income: 804 296 $
Total Income: 2 445 716 $

% Time on Ice - MapleLeafs

Lines # - Real PCT - Wanted PCT - Time Play
Normal Forward
1 - 30% - 40% - 11:21
2 - 25% - 30% - 9:14
3 - 25% - 20% - 9:27
4 - 20% - 10% - 7:17
Normal Defense
1 - 33% - 40% - 12:28
2 - 29% - 30% - 10:43
3 - 34% - 20% - 12:43
4 - 4% - 10% - 1:25
PP Forward
1 - 47% - 60% - 6:09
2 - 53% - 40% - 7:04
PP Defense
1 - 49% - 60% - 6:25
2 - 51% - 40% - 6:48
PK Forward
1 - 66% - 60% - 3:10
2 - 34% - 40% - 1:40
PK Defense
1 - 65% - 60% - 3:08
2 - 35% - 40% - 1:42
PK3 Forward
1 - 94% - 60% - 1:02
2 - 6% - 40% - 0:04
PK3 Defense
1 - 71% - 60% - 0:47
2 - 29% - 40% - 0:19
44 Forward
1 - 88% - 60% - 3:07
2 - 12% - 40% - 0:25
44 Defense
1 - 25% - 60% - 0:54
2 - 75% - 40% - 2:38
Last Minute Offensive  - 0:00
Last Minute Defensive  - 0:00
Total
Forward - 60:00
Defense - 60:00

% Time on Ice - Rangers

Lines # - Real PCT - Wanted PCT - Time Play
Normal Forward
1 - 39% - 43% - 14:34
2 - 31% - 33% - 11:44
3 - 17% - 15% - 6:26
4 - 12% - 9% - 4:35
Normal Defense
1 - 34% - 44% - 12:47
2 - 32% - 33% - 12:05
3 - 33% - 23% - 12:27
4 - 0% - 0% - 0:00
PP Forward
1 - 57% - 53% - 2:45
2 - 43% - 47% - 2:05
PP Defense
1 - 66% - 53% - 3:11
2 - 34% - 47% - 1:39
PK Forward
1 - 51% - 55% - 6:42
2 - 49% - 45% - 6:31
PK Defense
1 - 51% - 55% - 6:47
2 - 49% - 45% - 6:26
PK3 Forward
1 - 0% - 55%
2 - 0% - 45%
PK3 Defense
1 - 0% - 55%
2 - 0% - 45%
44 Forward
1 - 59% - 55% - 2:45
2 - 41% - 45% - 1:53
44 Defense
1 - 46% - 55% - 2:07
2 - 54% - 45% - 2:31
Last Minute Offensive  - 0:00
Last Minute Defensive  - 0:00
Total
Forward - 60:00
Defense - 60:00

Play-by-Play

1st period


0:01 of 1st period - Sebastian Aho wins face-off versus Connor McDavid in neutral zone.
0:11 of 1st period - Shot by Connor McDavid.
0:11 of 1st period - Stopped by Braden Holtby without a rebound.
0:12 of 1st period - Matt Duchene wins face-off versus Vincent Trocheck in MapleLeafs zone.
1:37 of 1st period - Shot by Alexander Radulov.
1:37 of 1st period - Stopped by Braden Holtby without a rebound.
1:38 of 1st period - Nick Bonino wins face-off versus Jay Beagle in MapleLeafs zone.
1:42 of 1st period - Nick Bonino is hit by Radko Gudas and loses puck.
2:12 of 1st period - Roope Hintz is hit by Cal Clutterbuck and loses puck.
2:16 of 1st period - Icing by Leo Komarov.
2:17 of 1st period - Jay Beagle wins face-off versus Connor McDavid in MapleLeafs zone.
2:17 of 1st period - Jay Beagle is hit by Connor McDavid.
2:51 of 1st period - Shot by Sebastian Aho.
2:51 of 1st period - Stopped by Andrei Vasilevskiy without a rebound.
2:52 of 1st period - Brandon Pirri wins face-off versus Jack Hughes in Rangers zone.
3:51 of 1st period - Cody Ceci is hit by Vincent Trocheck and loses puck.
3:57 of 1st period - Vincent Trocheck is hit by Mike Matheson and loses puck.
4:03 of 1st period - Minor Penalty to Cody Ceci for Elbowing.
4:04 of 1st period - Connor McDavid wins face-off versus Sebastian Aho in MapleLeafs zone.
4:06 of 1st period - Cam Atkinson is hit by Ryan Murray and loses puck.
4:33 of 1st period - Sebastian Aho is hit by Alexander Radulov and loses puck.
4:42 of 1st period - Shot by Alexander Radulov.
4:42 of 1st period - Goal by Alexander Radulov - MapleLeafs : 0 - Rangers : 1.
4:43 of 1st period - Nick Bonino wins face-off versus Jay Beagle in neutral zone.
5:52 of 1st period - Jack Hughes is hit by Dmitry Kulikov and loses puck.
6:18 of 1st period - Jack Hughes is hit by Matt Niskanen and loses puck.
6:29 of 1st period - Shot by Connor McDavid.
6:29 of 1st period - Stopped by Braden Holtby without a rebound.
6:30 of 1st period - Sebastian Aho wins face-off versus Vincent Trocheck in MapleLeafs zone.
7:19 of 1st period - David Savard is hit by Kyle Okposo and loses puck.
8:01 of 1st period - Ondrej Palat is hit by David Savard and loses puck.
8:22 of 1st period - Shot by Nick Bonino.
8:22 of 1st period - Stopped by Braden Holtby without a rebound.
8:23 of 1st period - Nick Bonino wins face-off versus Tomas Jurco in MapleLeafs zone.
8:26 of 1st period - Shot by Noel Acciari.
8:26 of 1st period - Stopped by Braden Holtby without a rebound.
8:27 of 1st period - Vincent Trocheck wins face-off versus Jay Beagle in MapleLeafs zone.
8:27 of 1st period - Vincent Trocheck is hit by Radko Gudas.
8:38 of 1st period - Andrew Ladd is hit by Radko Gudas.
8:42 of 1st period - Shot by Cam Atkinson.
8:42 of 1st period - Stopped by Braden Holtby without a rebound.
8:43 of 1st period - Nick Bonino wins face-off versus Ondrej Palat in MapleLeafs zone.
8:44 of 1st period - Shot by Cal Clutterbuck.
8:44 of 1st period - Shot Misses the Net.
9:09 of 1st period - Shot by Nick Bonino.
9:09 of 1st period - Shot Blocked by Cody Ceci.
9:47 of 1st period - Shot by Vincent Trocheck.
9:47 of 1st period - Goal by Vincent Trocheck - MapleLeafs : 0 - Rangers : 2.
9:48 of 1st period - Sebastian Aho wins face-off versus Connor McDavid in neutral zone.
9:48 of 1st period - Anton Stralman is hit by Zach Hyman and loses puck.
10:16 of 1st period - Sebastian Aho is hit by David Savard and loses puck.
10:25 of 1st period - Shot by Zach Hyman.
10:25 of 1st period - Shot Misses the Net.
12:02 of 1st period - Shot by Milan Lucic.
12:02 of 1st period - Stopped by Braden Holtby without a rebound.
12:03 of 1st period - Matt Duchene wins face-off versus Connor McDavid in MapleLeafs zone.
12:03 of 1st period - Matt Duchene is hit by Alexander Radulov.
12:08 of 1st period - Ondrej Palat is hit by Ryan McDonagh and loses puck.
12:25 of 1st period - Shot by Alexander Radulov.
12:25 of 1st period - Deflect By Connor McDavid.
12:25 of 1st period - Shot Blocked by Anton Stralman.
12:35 of 1st period - Shot by Alexander Radulov.
12:35 of 1st period - Stopped by Braden Holtby without a rebound.
12:36 of 1st period - Sebastian Aho wins face-off versus Nick Bonino in MapleLeafs zone.
13:31 of 1st period - Kyle Okposo is hit by Andrew Ladd and loses puck.
13:48 of 1st period - Shot by Vincent Trocheck.
13:48 of 1st period - Shot Misses the Net.
14:03 of 1st period - Minor Penalty to Matt Niskanen for Interference.
14:04 of 1st period - Matt Duchene wins face-off versus Vincent Trocheck in Rangers zone.
15:10 of 1st period - Shot by Mike Matheson.
15:10 of 1st period - Shot Blocked by Nick Leddy.
15:21 of 1st period - Icing by Anton Stralman.
15:22 of 1st period - Zach Hyman wins face-off versus Roope Hintz in MapleLeafs zone.
15:28 of 1st period - Icing by Joel Edmundson.
15:29 of 1st period - Vincent Trocheck wins face-off versus Matt Duchene in MapleLeafs zone.
15:35 of 1st period - Icing by Anton Stralman.
15:36 of 1st period - Ondrej Palat wins face-off versus Nick Bonino in MapleLeafs zone.
16:25 of 1st period - Mike Matheson is hit by Erik Cernak and loses puck.
16:35 of 1st period - Minor Penalty to Dmitry Kulikov for Hooking.
16:36 of 1st period - Sebastian Aho wins face-off versus Vincent Trocheck in Rangers zone.
16:39 of 1st period - Shot by Cody Ceci.
16:39 of 1st period - Shot Misses the Net.
16:55 of 1st period - Shot by Tyler Johnson.
16:55 of 1st period - Stopped by Andrei Vasilevskiy without a rebound.
16:56 of 1st period - Nick Bonino wins face-off versus Sebastian Aho in Rangers zone.
17:14 of 1st period - Anton Stralman is hit by Nick Leddy and loses puck.
17:40 of 1st period - David Savard is hit by Roope Hintz and loses puck.
17:52 of 1st period - Matt Duchene is hit by Ryan McDonagh and loses puck.
17:59 of 1st period - Shot by Ondrej Palat.
17:59 of 1st period - Stopped by Andrei Vasilevskiy without a rebound.
18:00 of 1st period - Vincent Trocheck wins face-off versus Matt Duchene in Rangers zone.
18:18 of 1st period - Matt Niskanen is hit by Ondrej Palat.
18:42 of 1st period - Shot by Tomas Jurco.
18:42 of 1st period - Stopped by Andrei Vasilevskiy with a rebound.
19:38 of 1st period - Shot by Sebastian Aho.
19:38 of 1st period - Stopped by Andrei Vasilevskiy without a rebound.
19:39 of 1st period - Jay Beagle wins face-off versus Brandon Pirri in Rangers zone.
19:39 of 1st period - Jay Beagle is hit by Matt Niskanen.
19:49 of 1st period - Shot by Jay Beagle.
19:49 of 1st period - Stopped by Andrei Vasilevskiy without a rebound.
19:50 of 1st period - Vincent Trocheck wins face-off versus Sebastian Aho in Rangers zone.
Goals for this period are 0 for MapleLeafs vs 2 for Rangers.
Shots for this period are 6 for MapleLeafs vs 10 for Rangers.

2nd period


0:01 of 2nd period - Connor McDavid wins face-off versus Sebastian Aho in neutral zone.
0:16 of 2nd period - Shot by Connor McDavid.
0:16 of 2nd period - Stopped by Braden Holtby with a rebound.
0:24 of 2nd period - Shot by Connor McDavid.
0:24 of 2nd period - Stopped by Braden Holtby with a rebound.
0:26 of 2nd period - Shot by Zach Hyman.
0:26 of 2nd period - Shot Misses the Net.
0:28 of 2nd period - Shot by Zach Hyman.
0:28 of 2nd period - Stopped by Braden Holtby without a rebound.
0:29 of 2nd period - Matt Duchene wins face-off versus Vincent Trocheck in MapleLeafs zone.
0:43 of 2nd period - Shot by Ondrej Palat.
0:43 of 2nd period - Shot Misses the Net.
0:44 of 2nd period - Minor Penalty to Ondrej Palat for Tripping.
0:45 of 2nd period - Vincent Trocheck wins face-off versus Sebastian Aho in MapleLeafs zone.
0:46 of 2nd period - Shot by Nick Leddy.
0:46 of 2nd period - Shot Misses the Net.
0:50 of 2nd period - Shot by Matt Niskanen.
0:50 of 2nd period - Shot Misses the Net.
0:52 of 2nd period - Shot by Noel Acciari.
0:52 of 2nd period - Shot Misses the Net.
0:54 of 2nd period - Shot by Noel Acciari.
0:54 of 2nd period - Stopped by Braden Holtby without a rebound.
0:55 of 2nd period - Sebastian Aho wins face-off versus Connor McDavid in MapleLeafs zone.
1:16 of 2nd period - Shot by Andrew Ladd.
1:16 of 2nd period - Deflect By Connor McDavid.
1:16 of 2nd period - Shot Blocked by Mike Matheson.
1:18 of 2nd period - Shot by Alexander Radulov.
1:18 of 2nd period - Shot Misses the Net.
1:20 of 2nd period - Shot by Connor McDavid.
1:20 of 2nd period - Deflect By Alexander Radulov.
1:20 of 2nd period - Shot Blocked by Cody Ceci.
1:22 of 2nd period - Shot by Ryan McDonagh.
1:22 of 2nd period - Shot Blocked by Mike Matheson.
2:10 of 2nd period - Shot by Vincent Trocheck.
2:10 of 2nd period - Stopped by Braden Holtby without a rebound.
2:11 of 2nd period - Vincent Trocheck wins face-off versus Tyler Johnson in MapleLeafs zone.
2:52 of 2nd period - Shot by Roope Hintz.
2:52 of 2nd period - Stopped by Andrei Vasilevskiy without a rebound.
2:53 of 2nd period - Jay Beagle wins face-off versus Brandon Pirri in Rangers zone.
3:16 of 2nd period - Jay Beagle is hit by Milan Lucic.
3:24 of 2nd period - Shot by Jay Beagle.
3:24 of 2nd period - Shot Blocked by Ryan McDonagh.
3:26 of 2nd period - Shot by Jay Beagle.
3:26 of 2nd period - Shot Misses the Net.
3:28 of 2nd period - Shot by Jay Beagle.
3:28 of 2nd period - Shot Hit the Post.
4:04 of 2nd period - Shot by Ondrej Palat.
4:04 of 2nd period - Stopped by Andrei Vasilevskiy without a rebound.
4:05 of 2nd period - Vincent Trocheck wins face-off versus Tyler Johnson in Rangers zone.
4:59 of 2nd period - Off-side.
5:00 of 2nd period - Matt Duchene wins face-off versus Connor McDavid in neutral zone.
5:13 of 2nd period - Shot by Ondrej Palat.
5:13 of 2nd period - Shot Blocked by Ryan McDonagh.
5:15 of 2nd period - Shot by Mike Matheson.
5:15 of 2nd period - Stopped by Andrei Vasilevskiy without a rebound.
5:16 of 2nd period - Jay Beagle wins face-off versus Nick Bonino in Rangers zone.
5:19 of 2nd period - Shot by Leo Komarov.
5:19 of 2nd period - Stopped by Andrei Vasilevskiy without a rebound.
5:20 of 2nd period - Connor McDavid wins face-off versus Dustin Brown in Rangers zone.
5:50 of 2nd period - Shot by Zach Hyman.
5:50 of 2nd period - Shot Misses the Net.
5:58 of 2nd period - Shot by Connor McDavid.
5:58 of 2nd period - Shot Misses the Net.
6:00 of 2nd period - Shot by Zach Hyman.
6:00 of 2nd period - Stopped by Braden Holtby without a rebound.
6:01 of 2nd period - Sebastian Aho wins face-off versus Andrew Ladd in MapleLeafs zone.
6:05 of 2nd period - Kyle Okposo is hit by Matt Niskanen and loses puck.
6:35 of 2nd period - Vincent Trocheck is hit by Joel Edmundson and loses puck.
6:58 of 2nd period - Shot by Dmitry Kulikov.
6:58 of 2nd period - Stopped by Braden Holtby without a rebound.
6:59 of 2nd period - Ondrej Palat wins face-off versus Connor McDavid in MapleLeafs zone.
7:25 of 2nd period - Shot by Matt Duchene.
7:25 of 2nd period - Shot Misses the Net.
7:27 of 2nd period - Shot by Cody Ceci.
7:27 of 2nd period - Shot Misses the Net.
7:30 of 2nd period - Ondrej Palat is hit by David Savard and loses puck.
7:33 of 2nd period - Shot by Dustin Brown.
7:33 of 2nd period - Stopped by Andrei Vasilevskiy without a rebound.
7:34 of 2nd period - Jay Beagle wins face-off versus Nick Bonino in Rangers zone.
7:45 of 2nd period - Shot by Jay Beagle.
7:45 of 2nd period - Deflect By Roope Hintz.
7:45 of 2nd period - Shot Misses the Net.
7:57 of 2nd period - Shot by Noel Acciari.
7:57 of 2nd period - Shot Misses the Net.
7:59 of 2nd period - Shot by Noel Acciari.
7:59 of 2nd period - Shot Misses the Net.
8:01 of 2nd period - Shot by Nick Bonino.
8:01 of 2nd period - Deflect By Noel Acciari.
8:01 of 2nd period - Shot Misses the Net.
8:08 of 2nd period - Shot by Matt Niskanen.
8:08 of 2nd period - Shot Misses the Net.
8:10 of 2nd period - Shot by Nick Bonino.
8:10 of 2nd period - Stopped by Braden Holtby with a rebound.
8:12 of 2nd period - Shot by Noel Acciari.
8:12 of 2nd period - Shot Blocked by Radko Gudas.
8:24 of 2nd period - Shot by Cam Atkinson.
8:24 of 2nd period - Stopped by Braden Holtby without a rebound.
8:25 of 2nd period - Connor McDavid wins face-off versus Matt Duchene in MapleLeafs zone.
8:30 of 2nd period - Shot by Connor McDavid.
8:30 of 2nd period - Shot Misses the Net.
8:35 of 2nd period - Matt Duchene is hit by Zach Hyman and loses puck.
8:52 of 2nd period - Shot by Ondrej Palat.
8:52 of 2nd period - Stopped by Andrei Vasilevskiy without a rebound.
8:53 of 2nd period - Vincent Trocheck wins face-off versus Sebastian Aho in Rangers zone.
9:12 of 2nd period - Shot by Vincent Trocheck.
9:12 of 2nd period - Stopped by Braden Holtby with a rebound.
9:14 of 2nd period - Shot by Cam Atkinson.
9:14 of 2nd period - Stopped by Braden Holtby without a rebound.
9:15 of 2nd period - Jack Hughes wins face-off versus Alexander Radulov in MapleLeafs zone.
9:15 of 2nd period - Jack Hughes is hit by Alexander Radulov.
9:20 of 2nd period - Cody Ceci is hit by Alexander Radulov and loses puck.
9:31 of 2nd period - Shot by Alexander Radulov.
9:31 of 2nd period - Stopped by Braden Holtby without a rebound.
9:32 of 2nd period - Sebastian Aho wins face-off versus Vincent Trocheck in MapleLeafs zone.
9:44 of 2nd period - Vincent Trocheck is hit by Tyler Johnson and loses puck.
9:48 of 2nd period - Andrew Ladd is hit by Tyler Johnson and loses puck.
10:06 of 2nd period - Andrew Ladd is hit by Anton Stralman and loses puck.
10:20 of 2nd period - Minor Penalty to Tyler Johnson for Hooking.
10:21 of 2nd period - Sebastian Aho wins face-off versus Connor McDavid in MapleLeafs zone.
10:37 of 2nd period - Cody Ceci is hit by Connor McDavid and loses puck.
12:20 of 2nd period - Shot by Zach Hyman.
12:20 of 2nd period - Shot Misses the Net.
12:22 of 2nd period - Shot by Nick Bonino.
12:22 of 2nd period - Shot Hit the Post.
12:24 of 2nd period - Shot by Nick Bonino.
12:24 of 2nd period - Stopped by Braden Holtby without a rebound.
12:25 of 2nd period - Brandon Pirri wins face-off versus Sebastian Aho in MapleLeafs zone.
12:29 of 2nd period - Minor Penalty to Milan Lucic for Hooking.
12:30 of 2nd period - Vincent Trocheck wins face-off versus Matt Duchene in Rangers zone.
12:30 of 2nd period - Vincent Trocheck is hit by Roope Hintz.
12:31 of 2nd period - Minor Penalty to Ondrej Palat for Slashing.
12:32 of 2nd period - Connor McDavid wins face-off versus Sebastian Aho in MapleLeafs zone.
12:40 of 2nd period - Icing by Anton Stralman.
12:41 of 2nd period - Sebastian Aho wins face-off versus Connor McDavid in MapleLeafs zone.
13:06 of 2nd period - Shot by Connor McDavid.
13:06 of 2nd period - Deflect By Alexander Radulov.
13:06 of 2nd period - Shot Misses the Net.
13:46 of 2nd period - Vincent Trocheck is hit by Joel Edmundson and loses puck.
14:09 of 2nd period - David Savard is hit by Matt Duchene.
14:33 of 2nd period - Icing by Erik Cernak.
14:34 of 2nd period - Nick Bonino wins face-off versus Jack Hughes in Rangers zone.
14:36 of 2nd period - Icing by Cal Clutterbuck.
14:37 of 2nd period - Jay Beagle wins face-off versus Nick Bonino in Rangers zone.
14:47 of 2nd period - Shot by Nick Bonino.
14:47 of 2nd period - Stopped by Braden Holtby without a rebound.
14:48 of 2nd period - Brandon Pirri wins face-off versus Jack Hughes in MapleLeafs zone.
14:57 of 2nd period - Icing by Matt Niskanen.
14:58 of 2nd period - Jay Beagle wins face-off versus Brandon Pirri in Rangers zone.
15:13 of 2nd period - Icing by Ryan Murray.
15:14 of 2nd period - Connor McDavid wins face-off versus Jay Beagle in MapleLeafs zone.
15:40 of 2nd period - Connor McDavid is hit by Radko Gudas.
15:53 of 2nd period - Icing by Radko Gudas.
15:54 of 2nd period - Vincent Trocheck wins face-off versus Jay Beagle in MapleLeafs zone.
16:21 of 2nd period - Shot by Nick Leddy.
16:21 of 2nd period - Shot Misses the Net.
16:23 of 2nd period - Shot by Cam Atkinson.
16:23 of 2nd period - Shot Blocked by Ryan Murray.
17:13 of 2nd period - Shot by Connor McDavid.
17:13 of 2nd period - Stopped by Braden Holtby without a rebound.
17:14 of 2nd period - Matt Duchene wins face-off versus Nick Bonino in MapleLeafs zone.
17:14 of 2nd period - Matt Duchene is hit by Cal Clutterbuck.
17:26 of 2nd period - Shot by Ondrej Palat.
17:26 of 2nd period - Shot Misses the Net.
17:27 of 2nd period - Minor Penalty to Dmitry Kulikov for Roughing.
17:28 of 2nd period - Sebastian Aho wins face-off versus Nick Bonino in Rangers zone.
17:46 of 2nd period - Shot by Mike Matheson.
17:46 of 2nd period - Stopped by Andrei Vasilevskiy without a rebound.
17:47 of 2nd period - Matt Duchene wins face-off versus Nick Bonino in Rangers zone.
18:25 of 2nd period - Ondrej Palat is hit by Cal Clutterbuck and loses puck.
19:34 of 2nd period - Shot by Jack Hughes.
19:34 of 2nd period - Shot Misses the Net.
19:40 of 2nd period - Shot by Samuel Blais.
19:40 of 2nd period - Shot Blocked by Dmitry Kulikov.
19:44 of 2nd period - Shot by Jack Hughes.
19:44 of 2nd period - Stopped by Andrei Vasilevskiy without a rebound.
19:45 of 2nd period - Leo Komarov wins face-off versus Brandon Pirri in Rangers zone.
19:47 of 2nd period - Roope Hintz is hit by Nick Leddy and loses puck.
Goals for this period are 0 for MapleLeafs vs 0 for Rangers.
Shots for this period are 8 for MapleLeafs vs 15 for Rangers.

3rd period


0:01 of 3rd period - Tyler Johnson wins face-off versus Connor McDavid in neutral zone.
0:10 of 3rd period - Tyler Johnson is hit by Nick Leddy and loses puck.
0:23 of 3rd period - Shot by Connor McDavid.
0:23 of 3rd period - Stopped by Braden Holtby without a rebound.
0:24 of 3rd period - Matt Duchene wins face-off versus Vincent Trocheck in MapleLeafs zone.
0:24 of 3rd period - Matt Duchene is hit by Vincent Trocheck.
0:31 of 3rd period - Icing by Matt Duchene.
0:32 of 3rd period - Matt Duchene wins face-off versus Vincent Trocheck in MapleLeafs zone.
0:32 of 3rd period - Matt Duchene is hit by Vincent Trocheck.
0:43 of 3rd period - Matt Duchene is hit by Nick Leddy.
0:51 of 3rd period - Shot by Matt Duchene.
0:51 of 3rd period - Deflect By Ondrej Palat.
0:51 of 3rd period - Shot Misses the Net.
0:58 of 3rd period - Minor Penalty to Matt Niskanen for Hooking.
0:58 of 3rd period - Minor Penalty to Dustin Brown for Cross-checking.
0:59 of 3rd period - Sebastian Aho wins face-off versus Connor McDavid in Rangers zone.
0:59 of 3rd period - Cody Ceci is hit by David Savard and loses puck.
1:04 of 3rd period - Shot by Sebastian Aho.
1:04 of 3rd period - Stopped by Andrei Vasilevskiy without a rebound.
1:05 of 3rd period - Sebastian Aho wins face-off versus Alexander Radulov in Rangers zone.
1:05 of 3rd period - Sebastian Aho is hit by Ryan McDonagh.
1:20 of 3rd period - Shot by Connor McDavid.
1:20 of 3rd period - Shot Misses the Net.
1:39 of 3rd period - Shot by Matt Duchene.
1:39 of 3rd period - Goal by Matt Duchene - MapleLeafs : 1 - Rangers : 2.
1:40 of 3rd period - Tyler Johnson wins face-off versus Vincent Trocheck in neutral zone.
1:51 of 3rd period - Minor Penalty to Joel Edmundson for Hooking.
1:52 of 3rd period - Sebastian Aho wins face-off versus Connor McDavid in MapleLeafs zone.
2:12 of 3rd period - Shot by Connor McDavid.
2:12 of 3rd period - Stopped by Braden Holtby without a rebound.
2:13 of 3rd period - Vincent Trocheck wins face-off versus Sebastian Aho in MapleLeafs zone.
2:33 of 3rd period - Shot by Cam Atkinson.
2:33 of 3rd period - Shot Misses the Net.
3:04 of 3rd period - Matt Niskanen is hit by Ryan Murray and loses puck.
3:08 of 3rd period - Minor Penalty to Noel Acciari for Hooking.
3:09 of 3rd period - Jay Beagle wins face-off versus Alexander Radulov in Rangers zone.
3:09 of 3rd period - Jay Beagle is hit by Matt Niskanen.
3:20 of 3rd period - Icing by Nick Leddy.
3:21 of 3rd period - Connor McDavid wins face-off versus Sebastian Aho in Rangers zone.
3:52 of 3rd period - Shot by Connor McDavid.
3:52 of 3rd period - Stopped by Braden Holtby without a rebound.
3:53 of 3rd period - Vincent Trocheck wins face-off versus Matt Duchene in MapleLeafs zone.
3:56 of 3rd period - Shot by Vincent Trocheck.
3:56 of 3rd period - Shot Blocked by Mike Matheson.
4:52 of 3rd period - Shot by Kyle Okposo.
4:52 of 3rd period - Stopped by Andrei Vasilevskiy without a rebound.
4:53 of 3rd period - Nick Bonino wins face-off versus Jay Beagle in Rangers zone.
4:55 of 3rd period - Nick Leddy is hit by Kyle Okposo and loses puck.
5:13 of 3rd period - Minor Penalty to Erik Cernak for Hooking.
5:14 of 3rd period - Vincent Trocheck wins face-off versus Sebastian Aho in Rangers zone.
5:21 of 3rd period - Shot by Sebastian Aho.
5:21 of 3rd period - Shot Misses the Net.
5:23 of 3rd period - Shot by Cody Ceci.
5:23 of 3rd period - Shot Blocked by Ryan McDonagh.
5:25 of 3rd period - Shot by Cody Ceci.
5:25 of 3rd period - Shot Misses the Net.
5:27 of 3rd period - Shot by Mike Matheson.
5:27 of 3rd period - Stopped by Andrei Vasilevskiy without a rebound.
5:28 of 3rd period - Matt Duchene wins face-off versus Vincent Trocheck in Rangers zone.
6:37 of 3rd period - Shot by Mike Matheson.
6:37 of 3rd period - Shot Misses the Net.
6:39 of 3rd period - Shot by Cody Ceci.
6:39 of 3rd period - Shot Misses the Net.
6:50 of 3rd period - Icing by Jay Beagle.
6:51 of 3rd period - Jay Beagle wins face-off versus Nick Bonino in MapleLeafs zone.
6:51 of 3rd period - Jay Beagle is hit by Noel Acciari.
7:19 of 3rd period - Shot by Tomas Jurco.
7:19 of 3rd period - Shot Blocked by Dmitry Kulikov.
7:22 of 3rd period - Minor Penalty to Dmitry Kulikov for Hooking.
7:23 of 3rd period - Vincent Trocheck wins face-off versus Kyle Okposo in Rangers zone.
7:23 of 3rd period - Vincent Trocheck is hit by Sebastian Aho.
7:58 of 3rd period - Icing by Cody Ceci.
7:59 of 3rd period - Nick Bonino wins face-off versus Sebastian Aho in MapleLeafs zone.
7:59 of 3rd period - Nick Bonino is hit by Cody Ceci.
8:03 of 3rd period - Shot by Nick Bonino.
8:03 of 3rd period - Deflect By Noel Acciari.
8:03 of 3rd period - Stopped by Braden Holtby without a rebound.
8:04 of 3rd period - Nick Bonino wins face-off versus Matt Duchene in MapleLeafs zone.
8:05 of 3rd period - Shot by Nick Leddy.
8:05 of 3rd period - Shot Blocked by Anton Stralman.
8:07 of 3rd period - Shot by Nick Bonino.
8:07 of 3rd period - Shot Blocked by Anton Stralman.
9:23 of 3rd period - Alexander Radulov is hit by Samuel Blais and loses puck.
9:58 of 3rd period - Shot by Connor McDavid.
9:58 of 3rd period - Shot Misses the Net.
10:21 of 3rd period - Icing by Nick Leddy.
10:22 of 3rd period - Matt Duchene wins face-off versus Brandon Pirri in Rangers zone.
10:27 of 3rd period - Shot by Ondrej Palat.
10:27 of 3rd period - Stopped by Andrei Vasilevskiy without a rebound.
10:28 of 3rd period - Vincent Trocheck wins face-off versus Sebastian Aho in Rangers zone.
10:36 of 3rd period - Minor Penalty to Andrew Ladd for Hooking.
10:37 of 3rd period - Vincent Trocheck wins face-off versus Matt Duchene in Rangers zone.
10:57 of 3rd period - Shot by Mike Matheson.
10:57 of 3rd period - Stopped by Andrei Vasilevskiy without a rebound.
10:58 of 3rd period - Sebastian Aho wins face-off versus Vincent Trocheck in Rangers zone.
11:02 of 3rd period - Shot by Kyle Okposo.
11:02 of 3rd period - Shot Blocked by Ryan McDonagh.
11:04 of 3rd period - Shot by Kyle Okposo.
11:04 of 3rd period - Shot Misses the Net.
11:06 of 3rd period - Shot by Kyle Okposo.
11:06 of 3rd period - Shot Misses the Net.
11:09 of 3rd period - Sebastian Aho is hit by David Savard and loses puck.
12:45 of 3rd period - Alexander Radulov is hit by Radko Gudas and loses puck.
12:53 of 3rd period - Zach Hyman is hit by Radko Gudas and loses puck.
13:01 of 3rd period - Connor McDavid is hit by Radko Gudas and loses puck.
14:51 of 3rd period - Shot by Sebastian Aho.
14:51 of 3rd period - Shot Misses the Net.
14:53 of 3rd period - Shot by Cody Ceci.
14:53 of 3rd period - Goal by Cody Ceci - MapleLeafs : 2 - Rangers : 2.
14:54 of 3rd period - Matt Duchene wins face-off versus Nick Bonino in neutral zone.
14:59 of 3rd period - Shot by Ondrej Palat.
14:59 of 3rd period - Stopped by Andrei Vasilevskiy without a rebound.
15:00 of 3rd period - Connor McDavid wins face-off versus Matt Duchene in Rangers zone.
17:03 of 3rd period - Joel Edmundson is hit by Ryan McDonagh and loses puck.
17:29 of 3rd period - Icing by Ryan McDonagh.
17:30 of 3rd period - Vincent Trocheck wins face-off versus Jay Beagle in Rangers zone.
17:47 of 3rd period - Jay Beagle is hit by Vincent Trocheck and loses puck.
17:59 of 3rd period - Jay Beagle is hit by David Savard and loses puck.
18:02 of 3rd period - Shot by Jay Beagle.
18:02 of 3rd period - Stopped by Andrei Vasilevskiy without a rebound.
18:03 of 3rd period - Connor McDavid wins face-off versus Kyle Okposo in Rangers zone.
19:00 of 3rd period - Shot by Matt Duchene.
19:00 of 3rd period - Shot Misses the Net.
19:02 of 3rd period - Shot by Anton Stralman.
19:02 of 3rd period - Shot Blocked by Erik Cernak.
19:04 of 3rd period - Shot by Anton Stralman.
19:04 of 3rd period - Shot Misses the Net.
19:06 of 3rd period - Shot by Anton Stralman.
19:06 of 3rd period - Shot Misses the Net.
19:08 of 3rd period - Shot by Anton Stralman.
19:08 of 3rd period - Stopped by Andrei Vasilevskiy with a rebound.
Goals for this period are 2 for MapleLeafs vs 0 for Rangers.
Shots for this period are 10 for MapleLeafs vs 4 for Rangers.

Overtime #1


0:01 of 1st overtime period - Matt Duchene wins face-off versus Connor McDavid in neutral zone.
0:18 of 1st overtime period - Shot by Matt Duchene.
0:18 of 1st overtime period - Shot Misses the Net.
1:27 of 1st overtime period - Shot by Ondrej Palat.
1:27 of 1st overtime period - Stopped by Andrei Vasilevskiy without a rebound.
1:28 of 1st overtime period - Jay Beagle wins face-off versus Nick Bonino in Rangers zone.
2:06 of 1st overtime period - Shot by Jay Beagle.
2:06 of 1st overtime period - Stopped by Andrei Vasilevskiy without a rebound.
2:07 of 1st overtime period - Vincent Trocheck wins face-off versus Matt Duchene in Rangers zone.
2:16 of 1st overtime period - Shot by Alexander Radulov.
2:16 of 1st overtime period - Shot Blocked by Cody Ceci.
2:29 of 1st overtime period - Shot by Cody Ceci.
2:29 of 1st overtime period - Shot Blocked by Nick Leddy.
2:39 of 1st overtime period - Shot by Sebastian Aho.
2:39 of 1st overtime period - Stopped by Andrei Vasilevskiy with a rebound.
3:05 of 1st overtime period - Shot by Ondrej Palat.
3:05 of 1st overtime period - Stopped by Andrei Vasilevskiy without a rebound.
3:06 of 1st overtime period - Tyler Johnson wins face-off versus Connor McDavid in Rangers zone.
3:25 of 1st overtime period - Shot by Tyler Johnson.
3:25 of 1st overtime period - Shot Blocked by Matt Niskanen.
3:37 of 1st overtime period - Shot by Connor McDavid.
3:37 of 1st overtime period - Shot Blocked by Ondrej Palat.
3:39 of 1st overtime period - Shot by Cam Atkinson.
3:39 of 1st overtime period - Shot Misses the Net.
4:08 of 1st overtime period - Icing by Nick Bonino.
4:09 of 1st overtime period - Nick Bonino wins face-off versus Matt Duchene in Rangers zone.
4:22 of 1st overtime period - Shot by Nick Bonino.
4:22 of 1st overtime period - Goal by Nick Bonino - MapleLeafs : 2 - Rangers : 3.
Goals for this period are 0 for MapleLeafs vs 1 for Rangers.
Shots for this period are 4 for MapleLeafs vs 1 for Rangers.